 Dungeon Crawl Stone Soup version 0.24.0-13-gcf9b319 (webtiles) character file.

Game seed: 6011591064982605052, levelgen mode: deterministic

91 Bronimir the Chiller (level 4, -4/32 HPs)
             Began as a Barachi Ice Elementalist on Apr 5, 2020.
             Killed from afar by an orc wizard (10 damage)
             ... with a puff of frost
             ... on level 4 of the Dungeon.
             The game lasted 00:05:15 (3953 turns).

Bronimir the Chiller (Barachi Ice Elementalist)     Turns: 3953, Time: 00:05:15

Health: -4/32      AC:  3    Str: 10    XL:     4   Next: 59%
Magic:  7/7        EV: 12    Int: 16    God:
Gold:   83         SH:  0    Dex: 12    Spells: 2/8 levels left

rFire    . . .     SeeInvis .   a - +0 spear
rCold    . . .     Gourm    .   (no shield)
rNeg     . . .     Faith    .   k - +0 robe
rPois    .         Spirit   .   (no helmet)
rElec    .         Reflect  .   (no cloak)
rCorr    .         Harm     .   h - +0 pair of gloves
MR       .....                  (no boots)
Stlth    ++........             (no amulet)
HPRegen  0.10/turn              (no ring)
MPRegen  0.10/turn              (no ring)

@: slow
A: +LOS, swims, slowness 1, strong legs 1
a: Hop


You were on level 4 of the Dungeon.
You were hungry.

You visited 1 branch of the dungeon, and saw 4 of its levels.

You collected 83 gold pieces.

Inventory:

Hand Weapons
 a - a +0 spear (weapon)
 e - a +0 dagger
 o - a +1 falchion of holy wrath
Missiles
 i - 96 stones
 l - 33 sling bullets
 m - 7 javelins (quivered)
 p - 15 arrows
Armour
 h - a +0 pair of gloves (worn)
 k - a +0 robe (worn)
Scrolls
 f - a scroll of teleportation {unknown}
 g - 2 scrolls of identify {unknown}
 j - a scroll of blinking {unknown}
 n - 2 scrolls of enchant weapon {unknown}
Potions
 b - 2 potions of curing {unknown}
 d - a potion of mutation {unknown}
 q - 2 potions of degeneration {unknown}
 r - 2 potions of agility {unknown}
 s - a potion of lignification {unknown}
 t - 4 potions of haste {unknown}
Comestibles
 c - 4 rations


   Skills:
 + Level 1.2 Fighting
 + Level 0.4(0.7) Short Blades
 + Level 0.8(1.0) Long Blades
 * Level 0.5 Polearms
 * Level 1.5 Armour
 * Level 2.5 Dodging
 - Level 1.7 Stealth
 + Level 2.6 Spellcasting
 * Level 1.5 Conjurations
 * Level 4.7 Ice Magic


You had 2 spell levels left.
You knew the following spells:

 Your Spells              Type           Power        Failure   Level  Hunger
a - Freeze                Ice            ###.         2%          1    #......
b - Throw Frost           Conj/Ice       ##....       9%          2    ##.....
c - Ozocubu's Armour      Chrm/Ice       #.......     22%         3    ###....

Your spell library contained the following spells:

 Spells                   Type           Power        Failure   Level  Hunger
 Throw Icicle             Conj/Ice       ##......     47%         4    #####..
 Summon Ice Beast         Ice/Summ       #.......     58%         4    #####..


Dungeon Overview and Level Annotations

Branches:
Dungeon (4/15)
 Temple: D:4-7

Altars:
Cheibriados
Gozag
Qazlal
Yredelemnul


Innate Abilities, Weirdness & Mutations

Shadows flee at your approach. (+LOS)
You can swim through water.
You cover ground slowly.
You can hop short distances.


Message History

The orc wizard gestures at you while chanting.
The puff of frost hits you.
Casting: Freeze (safe; 2% risk of failure)
Confirm with . or Enter, or press ? or * to list all spells.
You can't see any susceptible monsters within range! (Use Z to cast anyway.)
Casting: Freeze (safe; 2% risk of failure)
Confirm with . or Enter, or press ? or * to list all spells.
Okay, then.
The orc wizard casts a spell at you. The puff of flame hits you.
The orc wizard casts a cantrip, but nothing happens.
The orc wizard points at you and mumbles some strange words.
The puff of frost misses you.
The orc wizard hits you but does no damage.
The orc wizard casts a spell at you. The puff of flame hits you!
* * * LOW HITPOINT WARNING * * *
The orc wizard points at you and mumbles some strange words.
The puff of frost hits you!
You die...

#......##..#### .# ...
#......##.....####### .######...
#...............#...####.........
#......##..##....................
#.######...###.#.................
#.# ##..# #.#<................
#.# #.## #.#........###..#### #.#
#.# #.#........###.## #.# #.#
#..@.########...# #.# .### ##...#
#####...# #.# ⌠.
#o#.####.......#### #.# ..
#.#......####...... #.# ⌠.⌠
###....########...... #.#...
####................<### #.#..>
#..........########### #.#
#..##.........# ### #o
#>....###.(#


You could see an orc wizard.

Vanquished Creatures
  A hound (D:4)
  A worm (D:2)
  3 dart slugs
  2 leopard geckos
  An orc (D:3)
  8 goblins
  2 hobgoblins (D:3)
  6 jackals (D:1)
  2 ball pythons
  9 bats
  6 frilled lizards
  5 kobolds
  6 rats
52 creatures vanquished.

Notes
Turn   | Place    | Note
-------+----------+-------------------------------------------
     0 | D:1      | Bronimir the Barachi Ice Elementalist began the quest for
                  | the Orb.
     0 | D:1      | Reached XP level 1. HP: 13/13 MP: 3/3
   232 | D:1      | Reached skill level 4 in Ice Magic
   232 | D:1      | Reached XP level 2. HP: 15/19 MP: 1/5
   673 | D:1      | Learned a level 2 spell: Throw Frost
  1447 | D:1      | Reached XP level 3. HP: 8/25 MP: 3/6
  1776 | D:2      | Learned a level 3 spell: Ozocubu's Armour
  1793 | D:2      | Reached skill level 1 in Armour
  2044 | D:2      | Reached skill level 1 in Fighting
  2084 | D:2      | Found a stormy altar of Qazlal.
  2089 | D:2      | Found a snail-covered altar of Cheibriados.
  2092 | D:2      | Found a basalt altar of Yredelemnul.
  2095 | D:2      | Found an opulent altar of Gozag.
  2943 | D:3      | Reached XP level 4. HP: 29/32 MP: 7/7
  3953 | D:4      | Killed from afar by an orc wizard

Levels and vault maps discovered:
D:1:      minmay_arrival_four_houses, layout_basic
D:2:      layout_basic, grunt_temple_overflow_cloverleaf, minmay_misc_feat_cross
D:3:      layout_basic
D:4:      minmay_octagon_keep, layout_rooms, xom_redecorated, marbit_many_paths,
          minmay_temple_entry_from_below_b, first_ration,
          grunt_gozag_breadcrumbs

Skill      XL: |  1  2  3 |
---------------+----------+-----
Ice Magic      | 4 |  4.7
Armour         | 1 |  1.5
Fighting       | 1 |  1.2
Short Blades   | |  0.4
Long Blades    | |  0.8
Polearms       | |  0.5
Dodging        | |  2.5
Stealth        | |  1.7
Spellcasting   | |  2.6
Conjurations   | |  1.5

Action                   |  1- 3 |  4- 6 || total
-------------------------+-------+-------++-------
Melee: Unarmed           |    12 |       ||    12
       Dagger            |    53 |       ||    53
       Spear             |    34 |       ||    34
       Falchion          |    22 |    17 ||    39
 Cast: Freeze            |    38 |     3 ||    41
       Throw Frost       |     1 |       ||     1
 Stab: Sleeping          |     4 |     1 ||     5
  Eat: Chunk             |     5 |     2 ||     7
       Ration            |     1 |       ||     1
Armor: Robe              |    35 |     4 ||    39
Dodge: Dodged            |   119 |    11 ||   130
       Rpst.: Falchion   |     6 |     2 ||     8
